 Dungeon Crawl Stone Soup version 0.17-a0-2109-g117576f (webtiles) character file.

69 ololoev the Firebug (level 4, 22/30 HPs)
             Began as a Demonspawn Fire Elementalist on Oct 19, 2015.
             Quit the game on level 2 of the Dungeon.
             The game lasted 00:05:12 (1565 turns).

ololoev the Firebug (Demonspawn Fire Elementalist)  Turns: 1565, Time: 00:05:13

Health: 22/30      AC:  6    Str:  8    XL:     4   Next: 2%
Magic:  7/7        EV: 12    Int: 17    God:
Gold:   53         SH:  2    Dex: 14    Spells: 2 memorised, 4 levels left

rFire  . . .     SeeInvis .     g - +0 whip (elec)
rCold  . . .     Clarity  .     a - +0 robe
rNeg   . . .     SustAt   .     (no shield)
rPois  .         Gourm    .     n - +0 helmet
rElec  .         Spirit   .     (no cloak)
rCorr  .         Warding  .     i - +0 pair of gloves
rMut   .         Stasis   .     (no boots)
MR     .....                    (no amulet)
Stlth  +++.......               (no ring)
                                (no ring)

@: not resistant to hostile enchantments, fairly stealthy
A: large bone plates 1, nightstalker 1, spiny 1
a: no special abilities


Innate Abilities, Weirdness & Mutations

You are partially covered in large bone plates (AC +2, SH +2).
You are slightly more attuned to the shadows.
You are partially covered in sharp spines.

Inventory:

Hand Weapons
 g - a +0 whip of electrocution (weapon)
Armour
 a - a +0 robe (worn)
 i - a +0 pair of gloves (worn)
 n - a +0 helmet (worn)
Scrolls
 d - 2 scrolls of fear {unknown}
 f - a scroll of recharging {unknown}
 h - a scroll of amnesia {unknown}
 m - a scroll of identify {unknown}
Potions
 e - 2 potions of might {unknown}
 j - a potion of resistance
 k - a potion of cancellation {unknown}
 l - a potion of brilliance {unknown}
Books
 b - a book of Flames

   Spells                             Type                      Level
   a - Flame Tongue                   Conjuration/Fire             1
   b - Throw Flame                    Conjuration/Fire             2
   c - Conjure Flame                  Conjuration/Fire             3
   d - Inner Flame                    Hexes/Fire                   3
   e - Sticky Flame                   Conjuration/Fire             4
   f - Fireball                       Conjuration/Fire             5
Comestibles
 c - a bread ration
 o - a chunk of flesh


   Skills:
 - Level 1.7 Dodging
 - Level 1.7 Stealth
 + Level 2.5 Spellcasting
 * Level 3.0 Conjurations
 + Level 3.1 Fire Magic


You had 4 spell levels left.
You knew the following spells:

 Your Spells              Type           Power        Failure   Level  Hunger
a - Flame Tongue          Conj/Fire      ##...        6%          1    #......
b - Conjure Flame         Conj/Fire      ##......     17%         3    ###....


You were on level 2 of the Dungeon.
You were not hungry.

You visited 1 branch of the dungeon, and saw 2 of its levels.

You collected 53 gold pieces.

..............)...........
.#.#.#.#.######.##########
..........### #.#
.#.#.#†#.#....#.#### #
..........###.#....#######
.#.#.#)#.#..# #...........
............# #....#######
.#.#[#.#.##.# #....# #
.....#...@..# #....# #
......##.#### #....# #
!......... #....# #
##.#...#.######....# #
#...#.##........# # ###
..# ........####### ..
...........S...
#####....#######
...............

Notes
Turn   | Place    | Note
--------------------------------------------------------------
     0 | D:1      | ololoev the Demonspawn Fire Elementalist began the quest for the Orb.
     0 | D:1      | Reached XP level 1. HP: 13/13 MP: 3/3
   190 | D:1      | Gained mutation: You are slightly more attuned to the shadows. [demonic ancestry]
   190 | D:1      | Reached XP level 2. HP: 11/19 MP: 5/5
   815 | D:1      | Gained mutation: You are partially covered in large bone plates (AC +2, SH +2). [demonic ancestry]
   815 | D:1      | Reached XP level 3. HP: 24/24 MP: 6/6
   831 | D:1      | Reached skill level 3 in Fire Magic
  1359 | D:2      | Learned a level 3 spell: Conjure Flame
  1558 | D:2      | Gained mutation: You are partially covered in sharp spines. [demonic ancestry]
  1558 | D:2      | Reached XP level 4. HP: 23/30 MP: 7/7
  1565 | D:2      | Quit the game

Dungeon Overview and Level Annotations

Branches:
Dungeon (2/15)

Altars:


Message History

Unknown command.
A rat comes into view.
Found 3 gold pieces.
The helpless hobgoblin fails to defend itself.
You hit the hobgoblin.
The hobgoblin is lightly wounded.
The hobgoblin barely misses you.
You barely miss the hobgoblin.
The hobgoblin is lightly wounded.
The hobgoblin closely misses you.
You hit the hobgoblin but do no damage.
The hobgoblin is lightly wounded.
The hobgoblin hits you with a club.
You hit the hobgoblin.
There is a sudden explosion of sparks!
You kill the hobgoblin!
You hit the rat.
You kill the rat!
You have reached level 4!
You feel agile.
Your demonic ancestry asserts itself...
Sharp spines emerge from parts of your body.
No target in view!
No target in view!
No target in view!
Found a white potion.
You see here a club.
The helpless bat fails to defend itself.
You hit the bat.
The bat is severely wounded.
The bat hits you but does no damage. The bat barely misses you.
You closely miss the bat.
The bat is severely wounded.
The bat barely misses you. The bat hits you. The bat is struck by your spines.
You kill the bat!
There is a stone staircase leading up here.
No target in view!
No target in view!
No target in view!
Are you sure you want to abandon this character and quit the game? (Confirm with "yes".)

There were no monsters in sight!

Vanquished Creatures
  2 adders (D:2)
  An ooze (D:1)
  A worm (D:2)
  3 giant geckos
  An orc (D:1)
  A ball python (D:1)
  3 giant cockroaches (D:1)
  4 goblins (D:1)
  6 hobgoblins
  5 bats
  A giant newt (D:1)
  3 kobolds (D:1)
  9 rats
40 creatures vanquished.

Action                   |  1- 3 |  4- 6 || total
-------------------------+-------+-------++-------
Melee: Whip              |    79 |     2 ||    81
       Unarmed           |    10 |       ||    10
 Cast: Flame Tongue      |    29 |       ||    29
       Conjure Flame     |     1 |       ||     1
 Stab: Sleeping          |     7 |     1 ||     8
  Eat: Chunk             |     3 |       ||     3

Vault maps used:
D:1:      dpeg_arrival_chase, minmay_misc_feat_four_crosses,
          minmay_misc_feat_alley, minmay_tree_intersection
D:2:      zin_statuary, gammafunk_temple_overflow_forgotten, nrook_mini_vaults,
          st_stairs_11
